 Dungeon Crawl Stone Soup version 0.25-a0-353-ged6d547 (webtiles) character file.

Game seed: 8770113166337325803, levelgen mode: deterministic

23 puppykicker the Vexing (level 2, 0/24 HPs)
             Began as a Hill Orc Arcane Marksman on Jan 1, 2020.
             Slain by an adder (3 damage)
             ... on level 2 of the Dungeon.
             The game lasted 00:01:53 (1220 turns).

puppykicker the Vexing (Hill Orc Arcane Marksman)   Turns: 1220, Time: 00:01:53

Health: 0/24       AC:  2    Str: 12    XL:     2   Next: 95%
Magic:  0/3        EV: 11    Int: 13    God:
Gold:   13         SH:  0    Dex: 11    Spells: 2/3 levels left

rFire    . . .     SeeInvis .   a - +0 hand crossbow
rCold    . . .     Gourm    .   (no shield)
rNeg     . . .     Faith    .   e - +0 robe
rPois    .         Spirit   .   (no helmet)
rElec    .         Reflect  .   (no cloak)
rCorr    .         Harm     .   (no gloves)
MR       +....                  (no boots)
Stlth    +.........             (no amulet)
HPRegen  0.08/turn              (no ring)
MPRegen  0.08/turn              k - ring of protection from magic

@: lethally poisoned (0 -> -6), very slightly contaminated, heavily drained
A: no striking features
a: no special abilities


You were on level 2 of the Dungeon.
You were very hungry.

You visited 1 branch of the dungeon, and saw 2 of its levels.

You collected 13 gold pieces.


   Skills:
 + Level 2.1(0.6) Fighting
 + Level 2.2(0.7) Crossbows
 + Level 1.3(0.0) Armour
 - Level 1.5(0.1) Dodging
 - Level 1.0(0.0) Spellcasting
 - Level 3.0(1.4) Hexes


You had 2 spell levels left.
You knew the following spells:

 Your Spells              Type           Power        Failure   Level  Hunger
a - Corona                Hex            #......      17%         1    ##.....

Your spell library contained the following spells:

 Spells                   Type           Power        Failure   Level  Hunger
 Slow                     Hex            #.......     26%         2    ###....
 Inner Flame              Hex/Fire       #.......     56%         3    ####...
 Portal Projectile        Hex/Tloc       #.....       56%         3    ####...
 Cause Fear               Hex            #.........   86%         4    #####..
 Leda's Liquefaction      Hex/Erth       #.........   93%         4    #####..

Inventory:

Hand Weapons
 a - a +0 hand crossbow (weapon)
 b - a +0 dagger of speed
Missiles
 d - 33 bolts (quivered)
 i - 63 stones
Armour
 e - a +0 robe (worn)
Jewellery
 h - an uncursed amulet of harm
 k - a ring of protection from magic (right hand)
Scrolls
 c - 2 scrolls of amnesia {unknown}
 g - a scroll of magic mapping {unknown}
 l - a scroll of enchant armour {unknown}
Potions
 j - a potion of lignification {unknown}
Comestibles
 f - a ration

Dungeon Overview and Level Annotations

Branches:
Dungeon (2/15)

Altars:

+†..# .###########
#...# ............
#...# #####.<####
#...# # #.##
#...#####.####.#
#..>...##..r.#.#
###r##.# #.#.#
#S##.#####.#.#####
#@##...b..r#......
#.################
#..........#......
##########.#.#####
#.#.#####
#.#....##
#.####.##
#.####.##
#........


You could see an adder and a quokka.


Message History

You feel sick. The adder bites you but does no damage.
Unknown command.
Aiming: Corona (safe; 17% risk of failure)
Aim: an adder (lightly wounded, chance to defeat MR: 45%)
The adder is outlined in light.
You are feeling very hungry.
* * * LOW HITPOINT WARNING * * *
You feel sick. The adder closely misses you. x2
Firing (i - inventory. (/) - cycle)
d - 36 bolts (quivered)
Aim: an adder (lightly wounded, softly glowing)
You shoot a bolt. The bolt barely misses the adder.
The bolt closely misses the goblin.
The bolt hits the quokka.
The quokka is almost dead.
* * * LOW HITPOINT WARNING * * *
You feel sick. The adder bites you.
* * * LOW HITPOINT WARNING * * *
Firing (i - inventory. (/) - cycle)
d - 35 bolts (quivered)
Aim: an adder (lightly wounded, softly glowing)
You shoot a bolt. The bolt hits the adder.
The adder is heavily wounded.
* * * LOW HITPOINT WARNING * * *
You feel sick. The adder bites you.
* * * LOW HITPOINT WARNING * * *
The adder barely misses you.
Firing (i - inventory. (/) - cycle)
d - 34 bolts (quivered)
Aim: an adder (moderately wounded, softly glowing)
You shoot a bolt. The bolt closely misses the adder.
The bolt hits the goblin!
You kill the goblin!
The adder closely misses you. The adder bites you.
You die...

Action                   || total
-------------------------++-------
Melee: Dagger            ||    84
 Fire: Hand crossbow     ||    12
 Cast: Corona            ||     2
 Stab: Sleeping          ||     1
Armor: Robe              ||    15
Dodge: Dodged            ||    59

Levels and vault maps discovered:
D:1:      dpeg_arrival_simpleton_b, layout_loops_ring
D:2:      layout_basic, serial_co_window_serial, co_window_paths_b,
          co_window_corner_a, co_window_paths_a, co_window_paths_a,
          co_window_paths_b, co_window_of_opportunity_a, co_window_broadway_c,
          co_window_unsneaky_path_a, co_window_broadway_a,
          co_window_unsneaky_path_c, co_window_4corner_b, glass_columns_b,
          glass_columns_a, glass_columns_a, uniq_jessica

Notes
Turn   | Place    | Note
-------+----------+-------------------------------------------
     0 | D:1      | puppykicker the Hill Orc Arcane Marksman began the quest
                  | for the Orb.
     0 | D:1      | Reached XP level 1. HP: 16/16 MP: 2/2
    76 | D:1      | Reached skill level 2 in Crossbows
   115 | D:1      | Reached XP level 2. HP: 16/24 MP: 3/3
   132 | D:1      | Reached skill level 1 in Armour
   421 | D:1      | Reached skill level 2 in Fighting
  1220 | D:2      | Slain by an adder

Vanquished Creatures
  2 dart slugs (D:1)
  2 giant cockroaches (D:1)
  3 goblins
  A hobgoblin (D:1)
  2 bats (D:2)
  5 kobolds (D:1)
  5 rats (D:1)
20 creatures vanquished.
